Unix NetHack Version 3.7.0-102 Work-in-progress - last build Apr 6 2024 13:22:21 (d302a6a9ff6341f1a922d8f5af178406b35fdf99,branch:master). Game began 2024-05-06 08:31:41, ended 2024-05-06 09:03:36. elenmirie, neutral female gnomish Archeologist ---------- # +.........#### ----)--- ----- |........| ### |.......# |^...### #|.....<..| 0###---------------- |......|## |^..| #########.........| #%..+rf.........| |..*..*| # |...| ##--------|- |_...k@.......F| |.......############..... ##### # #...............| ###......>| # -.-.- #### # ## ###|..............| # -----+-- ### ### ## # ---.------------ # ## ### ### # # # ## ### # # # # ### -----|-.- # # #####--.-|-----# |`._....|## --.- #.........-# |......Z.# |..| |>.......| |.......| |..| |...`....+ --------- ---- ---------- Elenmirie the Field Worker St:11 Dx:8 Co:9 In:19 Wi:17 Ch:12 Neutral Dlvl:2 $:0 HP:0(30) Pw:17(22) AC:10 Xp:4/121 T:1607 Latest messages: There is an uncursed +2 bullwhip here, but you cannot lift any more. You stop searching. Coco bites the gecko. The gecko is killed! Coco steps reluctantly over an uncursed spellbook of haste self. You hear the footsteps of a guard on patrol. The giant rat misses it. You stop searching. You collapse under your load. You collapse under your load. The kobold lord hits! The giant rat misses the kobold lord. You collapse under your load. The kobold lord hits! You return to gnomish form! Your movements are now unencumbered. The giant rat bites the kobold lord. The kobold lord hits the giant rat. The kobold lord picks up an uncursed +2 bullwhip. You stop searching. Coco bites the kobold lord. The kobold lord wields an uncursed +2 bullwhip! Coco misses the kobold lord. Coco misses the kobold lord. Coco misses the kobold lord. Coco misses the kobold lord. Coco bites the kobold lord. The kobold lord lashes his bullwhip at Coco. The kobold lord hits Coco. The kobold lord picks up a cursed pair of hard shoes. The kobold lord puts on a cursed pair of hard shoes. You hear the footsteps of a guard on patrol. The kobold lord picks up a blessed +2 iron skull cap. The kobold lord puts on a blessed +2 iron skull cap. The kobold lord picks up an uncursed +1 hooded cloak. The kobold lord puts on an uncursed +1 hooded cloak. The kobold lord picks up an uncursed +0 leather jacket. You begin bashing monsters with your bare hands. You miss the kobold lord. The kobold lord lashes his bullwhip. The kobold lord hits! You miss the kobold lord. The kobold lord lashes his bullwhip. The kobold lord hits! You die... Do you want your possessions identified? [ynq] (y) y Do you want to see your attributes? [ynq] (y) y Do you want an account of creatures vanquished? [ynaq] (y) y Do you want to see your conduct and achievements? [ynq] (y) y Do you want to see the dungeon overview? [ynq] (y) y Inventory: Amulets p - a cursed amulet of change Weapons A - 25 uncursed +0 darts i - a blessed +3 long sword Armor c - an uncursed +0 fedora Comestibles d - 5 uncursed food rations n - an uncursed lembas wafer Tools w - an uncursed sack containing 5 items e - an uncursed +0 pick-axe o - an uncursed stethoscope t - an uncursed tinning kit (0:48) Gems/Stones u - 2 uncursed turquoise stones g - an uncursed touchstone Contents of the sack: 1283 gold pieces an uncursed scroll of magic mapping a blessed scroll of taming a cursed potion of healing a blessed potion of restore ability Elenmirie the Archeologist's attributes: Background: You were a Field Worker, a level 4 female gnomish Archeologist. You were neutral, on a mission for Camaxtli who was opposed by Quetzalcoatl (lawful) and Huhetotl (chaotic). You were right-handed. You were in the Dungeons of Doom, on level 2. You entered the dungeon 1607 turns ago. You had 121 experience points, 39 more were needed to attain level 5. Basics: You had 0 out of 30 hit points. You had 17 out of 22 energy points (spell power). Your armor class was 10. Your wallet was empty, but you had 1283 zorkmids stashed away in your pack. Autopickup was on for '$' plus thrown. Final Characteristics: Your strength was 11 (limit:18/50). Your dexterity was 8 (limit:18). Your constitution was 9 (limit:18). Your intelligence was 19 (limit:19). Your wisdom was 17 (limit:18). Your charisma was 12 (limit:18). Final Status: You weren't hungry. You were unencumbered. You were bare handed. You were unskilled in bare handed combat. You weren't wearing any armor. Final Attributes: You were devoutly aligned. You were level-drain resistant. You were telepathic. You had automatic searching. You had infravision. You were a wererat. You were harmed by silver. You are dead. Miscellaneous: You never encountered a bones level. Total elapsed playing time was 31 minutes and 54 seconds. Major events: Turn 1: elenmirie the neutral female gnomish Archeologist entered the dungeon 774: entered the Gnomish Mines 790: attained the rank of Field Worker (level 3) 1607: killed by a kobold lord Vanquished creatures: a floating eye a dwarf a homunculus a giant bat a wererat 4 iguanas 3 acid blobs a hobbit a giant rat a gnome 4 geckos 3 jackals 3 foxes 3 kobolds a goblin 12 grid bugs 3 lichens 4 newts 48 creatures vanquished. No species were genocided or became extinct. Voluntary challenges: You read items or engraved 1 time. You never engraved Elbereth. You never genocided any monsters. You never polymorphed an object. You used no wishes. Achievements: You entered the Gnomish Mines. You attained the rank of Field Worker. The Dungeons of Doom: levels 1 to 2 Level 1: Level 2: <- You were here. Some altars. Stairs down to The Gnomish Mines. Final resting place for you, killed by a kobold lord. The Gnomish Mines: Level 3: Game over: ---------- / \ / REST \ / IN \ / PEACE \ / \ | elenmirie | | 1283 Au | | killed by a | | kobold lord | | | | | | 2024 | *| * * * | * _________)/\\_//(\/(/\)/\//\/|_)_______ Goodbye elenmirie the Archeologist... You died in The Dungeons of Doom on dungeon level 2 with 1739 points, and 1283 pieces of gold, after 1607 moves. You were level 4 with a maximum of 30 hit points when you died.